Rangers vs Blue Jackets
Created - 14 mai 2013 at 19:10
Goals
|
| Rangers |
2 |
0 |
0 |
2 |
| Blue Jackets |
0 |
0 |
1 |
1 |
|
Shots
|
| Rangers |
10 |
7 |
14 |
31 |
| Blue Jackets |
9 |
4 |
8 |
21 |
|
1st period
1. Rangers , Bobby Holik 12 (Ian Laperriere, Jarkko Ruutu) at 5:04
2. Rangers , Kimmo Timonen 8 (Brad Richards) at 10:03 (PP)
Penalties :
Marek Zidlicky (Clb) for Holding (Minor) at 8:52, Trevor Daley (Clb) for Interference (Minor) at 12:22
2nd period
No Goal
Penalties :
Johan Franzen (NYR) for Cross-checking (Minor) at 0:57, Bobby Holik (NYR) for Tripping (Minor) at 3:25, Glen Murray (Clb) for Boarding (Major) at 9:31, Johan Franzen (NYR) for Boarding (Minor) at 19:53
3rd period
3. Blue Jackets , Jason Ward 10 (Ales Kotalik) at 8:49 (PP)
Penalties :
Jarkko Ruutu (NYR) for Roughing (Minor) at 5:09, Bobby Holik (NYR) for Holding (Minor) at 7:10, Kyle McLaren (NYR) for Holding (Minor) at 18:38
Goalie Stats
Henrik Lundqvist (NYR), 20 saves from 21 shots - (0,952), W, 41-25-4, 60:00 minutes
Miika Kiprusoff (Clb), 29 saves from 31 shots - (0,935), L, 33-30-6, 59:13 minutes
Players Stats for Rangers
Player Name G A P +/- PIM S H SB GA TA FO MP PP MP PK MP
------------------------------------------------------------------------------------
Alexandre Burrows 0 0 0 0 0 0 0 0 0 0 0/0 2:00 0:50 1:10
Bobby Holik 1 0 1 1 4 2 1 0 0 0 1/8 13:12 1:05 0:50
Brad Richards 0 1 1 0 0 4 1 2 2 0 6/12 22:21 3:48 6:20
Brent Seabrook 0 0 0 0 0 0 1 0 0 0 0/0 11:31 1:01 0:00
Bryan Berard 0 0 0 1 0 0 4 0 1 0 0/0 27:19 4:24 6:49
Cam Barker 0 0 0 0 0 3 0 1 0 1 0/0 21:10 2:44 4:07
Dustin Brown 0 0 0 0 0 0 1 0 0 1 0/0 15:56 3:38 0:00
Ian Laperriere 0 1 1 1 0 1 2 0 0 0 0/0 11:20 1:12 0:00
Jarkko Ruutu 0 1 1 1 2 4 0 0 0 0 1/1 12:37 0:00 1:29
Jeremy Roenick 0 0 0 0 0 2 1 0 0 0 16/27 24:42 3:01 6:20
Johan Franzen 0 0 0 0 4 1 2 0 0 0 1/1 18:44 3:04 2:17
Kimmo Timonen 1 0 1 1 0 1 1 0 1 0 0/0 27:19 4:24 6:49
Kyle McLaren 0 0 0 0 2 1 2 3 0 0 0/0 20:57 2:44 3:55
Martin Sonnenberg 0 0 0 0 0 0 0 1 0 0 0/0 5:30 0:00 0:00
Matt Greene 0 0 0 0 0 1 1 1 0 0 0/0 11:43 1:01 0:12
Milan Lucic 0 0 0 0 0 6 4 0 0 0 1/4 19:56 3:05 3:26
Patrice Bergeron 0 0 0 0 0 0 0 0 0 0 2/4 6:48 0:57 0:00
Patrick Sharp 0 0 0 0 0 5 1 0 0 0 0/0 15:53 3:47 0:00
Players Stats for Blue Jackets
Player Name G A P +/- PIM S H SB GA TA FO MP PP MP PK MP
------------------------------------------------------------------------------------
Ales Kotalik 0 1 1 -1 0 1 2 0 0 0 1/1 11:51 0:12 0:00
Andrew Ebbett 0 0 0 -1 0 3 2 0 0 0 2/3 13:22 0:12 1:48
Brad Stuart 0 0 0 0 0 3 0 1 0 0 0/0 21:20 4:38 3:22
Branislav Mezei 0 0 0 0 0 1 0 0 0 0 0/0 11:09 0:00 0:25
David Booth 0 0 0 0 0 1 1 1 0 0 1/2 22:05 5:46 3:03
Derek Morris 0 0 0 -1 0 0 1 5 0 0 0/0 24:19 6:18 3:47
Glen Murray 0 0 0 0 5 0 2 0 1 2 2/3 20:32 5:46 1:46
Greg Campbell 0 0 0 0 0 0 2 0 0 0 0/1 5:34 0:00 0:46
Jamal Mayers 0 0 0 0 0 5 1 0 1 0 0/0 17:52 4:58 0:48
Jan Bulis 0 0 0 0 0 2 1 0 0 0 12/17 17:04 4:58 0:00
Jason Ward 1 0 1 0 0 1 0 1 0 0 1/1 7:39 0:12 2:11
Kevin Bieksa 0 0 0 0 0 1 1 1 0 1 0/0 21:20 4:38 3:22
Kristian Huselius 0 0 0 0 0 1 2 0 0 1 1/2 18:36 4:58 1:41
Ladislav Nagy 0 0 0 -1 0 0 1 1 0 0 0/1 11:54 0:00 0:47
Marek Zidlicky 0 0 0 -1 2 1 2 4 0 0 0/0 26:18 6:18 3:10
Shaone Morrisonn 0 0 0 0 0 0 0 0 0 0 0/0 3:37 0:00 1:00
Trevor Daley 0 0 0 0 2 0 0 1 0 0 0/0 11:56 0:00 1:12
Vincent Lecavalier 0 0 0 0 0 1 2 2 0 0 9/26 25:20 5:46 3:28
3 Stars
1 - Henrik Lundqvist (NYR)
2 - Kimmo Timonen (NYR)
3 - Miika Kiprusoff (Clb)
Power Play
Rangers - 1 on 3 Attempt(s) - 33,33%
Blue Jackets - 1 on 6 Attempt(s) - 16,67%
Penalty Kill
Rangers - 5 on 6 Attempt(s) - 83,33%
- Score 0 goal in Penalty Kill
Blue Jackets - 2 on 3 Attempt(s) - 66,67%
- Score 0 goal in Penalty Kill
Official
Referees : StLaurent Francois and Devorski Paul
Linesman : David Brisebois and Scott Driscoll
Game Notes
No Game Note
Finance
Level 1 -- Attendance: 4816 (80,27%) -- Ticket Income 433 440 $
Level 2 -- Attendance: 4237 (84,74%) -- Ticket Income 233 035 $
Level 3 -- Attendance: 1817 (90,85%) -- Ticket Income 54 510 $
Level 4 -- Attendance: 3351 (83,78%) -- Ticket Income 67 020 $
Luxury Box -- Attendance: 727 (72,70%) -- Ticket Income 134 495 $
Game was played at the Ohio State Arena
Total Attendance: 14948 (83,04%)
Total Ticket Income: 922 500 $
Other Income: 46 125 $
Total Income: 968 625 $
Rangers
5 vs 5 Forward
Center Left Wing Right Wing Time % Phy DF OF
1 Jeremy Roenick Milan Lucic Johan Franzen 40 1 2 2
2 Brad Richards Patrick Sharp Dustin Brown 30 1 2 2
3 Bobby Holik Jarkko Ruutu Ian Laperriere 20 1 2 2
4 Patrice Bergeron Martin Sonnenberg Jeremy Roenick 10 1 2 2
5 vs 5 Defense
Defense Defense Time % Phy DF OF
1 Kimmo Timonen Bryan Berard 40 1 2 2
2 Cam Barker Kyle McLaren 30 1 2 2
3 Brent Seabrook Matt Greene 20 1 2 2
4 Kimmo Timonen Bryan Berard 10 1 2 2
PowerPlay Forward
Center Left Wing Right Wing Time % Phy DF OF
1 Jeremy Roenick Milan Lucic Johan Franzen 60 1 2 2
2 Brad Richards Patrick Sharp Dustin Brown 40 1 2 2
PowerPlay Defense
Defense Defense Time % Phy DF OF
1 Kimmo Timonen Bryan Berard 60 1 2 2
2 Cam Barker Kyle McLaren 40 1 2 2
Penalty Kill 4 Players Forward
Center Wing Time % Phy DF OF
1 Jeremy Roenick Brad Richards 60 1 2 2
2 Johan Franzen Milan Lucic 40 1 2 2
Penalty Kill 4 Players Defense
Defense Defense Time % Phy DF OF
1 Kimmo Timonen Bryan Berard 60 1 2 2
2 Cam Barker Kyle McLaren 40 1 2 2
Penalty Kill - 3 Players Forward
Forward Time % Phy DF OF
1 Jeremy Roenick 60 1 2 2
2 Brad Richards 40 1 2 2
Penalty Kill - 3 Players Defense
Defense Defense Time % Phy DF OF
1 Kimmo Timonen Bryan Berard 60 1 2 2
2 Cam Barker Kyle McLaren 40 1 2 2
4 vs 4 Forward
Center Wing Time % Phy DF OF
1 Jeremy Roenick Brad Richards 60 1 2 2
2 Johan Franzen Milan Lucic 40 1 2 2
4 vs 4 Defense
Defense Defense Time % Phy DF OF
1 Kimmo Timonen Bryan Berard 60 1 2 2
2 Cam Barker Kyle McLaren 40 1 2 2
Last Minutes Offensive
Center Left Wing Right Wing Defense Defense
Jeremy Roenick Milan Lucic Johan Franzen Kimmo Timonen Bryan Berard
Last Minutes Defensive
Center Left Wing Right Wing Defense Defense
Jeremy Roenick Milan Lucic Johan Franzen Kimmo Timonen Bryan Berard
Goaltenders
Starting : Henrik Lundqvist
Backup : Hannu Toivonen
Extra Forwards
Normal : Bobby Holik, Patrice Bergeron, Jarkko Ruutu - PP : Bobby Holik, Patrice Bergeron - PK : Jarkko Ruutu
Extra Defensemen
Normal : Brent Seabrook, Matt Greene, Cam Barker - PP : Brent Seabrook - PK : Matt Greene, Cam Barker
Penalty Shots
Jeremy Roenick, Brad Richards, Johan Franzen, Milan Lucic, Patrick Sharp
Blue Jackets
5 vs 5 Forward
Center Left Wing Right Wing Time % Phy DF OF
1 Vincent Lecavalier David Booth Glen Murray 40 1 2 2
2 Jan Bulis Kristian Huselius Jamal Mayers 30 1 2 2
3 Andrew Ebbett Ladislav Nagy Ales Kotalik 20 1 2 2
4 Greg Campbell Vincent Lecavalier Jason Ward 10 1 2 2
5 vs 5 Defense
Defense Defense Time % Phy DF OF
1 Marek Zidlicky Derek Morris 40 1 2 2
2 Kevin Bieksa Brad Stuart 30 1 2 2
3 Branislav Mezei Trevor Daley 20 1 2 2
4 Shaone Morrisonn Marek Zidlicky 10 1 2 2
PowerPlay Forward
Center Left Wing Right Wing Time % Phy DF OF
1 Vincent Lecavalier David Booth Glen Murray 60 1 2 2
2 Jan Bulis Kristian Huselius Jamal Mayers 40 1 2 2
PowerPlay Defense
Defense Defense Time % Phy DF OF
1 Marek Zidlicky Derek Morris 60 1 2 2
2 Kevin Bieksa Brad Stuart 40 1 2 2
Penalty Kill 4 Players Forward
Center Wing Time % Phy DF OF
1 Vincent Lecavalier Glen Murray 60 1 2 2
2 Jamal Mayers David Booth 40 1 2 2
Penalty Kill 4 Players Defense
Defense Defense Time % Phy DF OF
1 Marek Zidlicky Derek Morris 60 1 2 2
2 Kevin Bieksa Brad Stuart 40 1 2 2
Penalty Kill - 3 Players Forward
Forward Time % Phy DF OF
1 Vincent Lecavalier 60 1 2 2
2 Glen Murray 40 1 2 2
Penalty Kill - 3 Players Defense
Defense Defense Time % Phy DF OF
1 Marek Zidlicky Derek Morris 60 1 2 2
2 Kevin Bieksa Brad Stuart 40 1 2 2
4 vs 4 Forward
Center Wing Time % Phy DF OF
1 Vincent Lecavalier Glen Murray 60 1 2 2
2 Jamal Mayers David Booth 40 1 2 2
4 vs 4 Defense
Defense Defense Time % Phy DF OF
1 Marek Zidlicky Derek Morris 60 1 2 2
2 Kevin Bieksa Brad Stuart 40 1 2 2
Last Minutes Offensive
Center Left Wing Right Wing Defense Defense
Vincent Lecavalier David Booth Glen Murray Marek Zidlicky Derek Morris
Last Minutes Defensive
Center Left Wing Right Wing Defense Defense
Vincent Lecavalier David Booth Glen Murray Marek Zidlicky Derek Morris
Goaltenders
Starting : Miika Kiprusoff
Backup : Jaroslav Halak
Extra Forwards
Normal : Andrew Ebbett, Ales Kotalik, Jason Ward - PP : Andrew Ebbett, Ales Kotalik - PK : Jason Ward
Extra Defensemen
Normal : Branislav Mezei, Trevor Daley, Shaone Morrisonn - PP : Branislav Mezei - PK : Trevor Daley, Shaone Morrisonn
Penalty Shots
Vincent Lecavalier, Glen Murray, Jamal Mayers, David Booth, Jan Bulis
% Time on Ice - Rangers
Lines # - Real PCT - Wanted PCT - Time Play
Normal Forward
1 - 29% - 40% - 11:52
2 - 33% - 30% - 13:39
3 - 24% - 20% - 9:54
4 - 13% - 10% - 5:30
Normal Defense
1 - 37% - 40% - 15:06
2 - 35% - 30% - 14:19
3 - 26% - 20% - 10:30
4 - 2% - 10% - 1:00
PP Forward
1 - 50% - 60% - 4:03
2 - 50% - 40% - 4:06
PP Defense
1 - 60% - 60% - 4:51
2 - 40% - 40% - 3:18
PK Forward
1 - 69% - 60% - 7:30
2 - 31% - 40% - 3:26
PK Defense
1 - 62% - 60% - 6:49
2 - 38% - 40% - 4:07
PK3 Forward
1 - 0% - 60%
2 - 0% - 40%
PK3 Defense
1 - 0% - 60%
2 - 0% - 40%
44 Forward
1 - 0% - 60%
2 - 0% - 40%
44 Defense
1 - 0% - 60%
2 - 0% - 40%
Last Minute Offensive - 0:00
Last Minute Defensive - 0:00
Total
Forward - 60:00
Defense - 60:00
|
% Time on Ice - Blue Jackets
Lines # - Real PCT - Wanted PCT - Time Play
Normal Forward
1 - 32% - 40% - 13:01
2 - 30% - 30% - 12:06
3 - 27% - 20% - 11:06
4 - 11% - 10% - 4:42
Normal Defense
1 - 35% - 40% - 14:14
2 - 33% - 30% - 13:20
3 - 26% - 20% - 10:44
4 - 6% - 10% - 2:37
PP Forward
1 - 55% - 60% - 5:58
2 - 45% - 40% - 4:58
PP Defense
1 - 58% - 60% - 6:18
2 - 42% - 40% - 4:38
PK Forward
1 - 90% - 60% - 7:21
2 - 10% - 40% - 0:48
PK Defense
1 - 54% - 60% - 4:22
2 - 46% - 40% - 3:47
PK3 Forward
1 - 0% - 60%
2 - 0% - 40%
PK3 Defense
1 - 0% - 60%
2 - 0% - 40%
44 Forward
1 - 0% - 60%
2 - 0% - 40%
44 Defense
1 - 0% - 60%
2 - 0% - 40%
Last Minute Offensive - 0:00
Last Minute Defensive - 0:00
Total
Forward - 60:00
Defense - 60:00
|
Play by Play
1st period
0:01 of 1st period - Jeremy Roenick wins face-off versus Vincent Lecavalier in neutral zone.
0:12 of 1st period - Wrist shot by Milan Lucic.
0:12 of 1st period - Shot Misses the Net.
0:14 of 1st period - Snap shot by Milan Lucic.
0:14 of 1st period - Shot Blocked by Derek Morris.
0:16 of 1st period - Snap shot by Johan Franzen.
0:16 of 1st period - Shot Misses the Net.
0:26 of 1st period - Derek Morris is hit by Bobby Holik and loses puck.
0:59 of 1st period - Snap shot by Jamal Mayers.
0:59 of 1st period - Deflect By Jan Bulis.
0:59 of 1st period - Shot Blocked by Brad Richards.
0:59 of 1st period - Puck is out of play.
1:00 of 1st period - Andrew Ebbett wins face-off versus Patrice Bergeron in Rangers zone.
1:05 of 1st period - Wrist shot by Ales Kotalik.
1:05 of 1st period - Shot Blocked by Matt Greene.
1:07 of 1st period - Snap shot by Branislav Mezei.
1:07 of 1st period - Deflect By Andrew Ebbett.
1:07 of 1st period - Stopped by Henrik Lundqvist with a rebound.
1:09 of 1st period - Slapshot by Branislav Mezei.
1:09 of 1st period - Stopped by Henrik Lundqvist with a rebound.
1:11 of 1st period - Snap shot by Ales Kotalik.
1:11 of 1st period - Stopped by Henrik Lundqvist without a rebound.
1:12 of 1st period - Jan Bulis wins face-off versus Milan Lucic in Rangers zone.
1:17 of 1st period - Snap shot by Jamal Mayers.
1:17 of 1st period - Stopped by Henrik Lundqvist with a rebound.
1:37 of 1st period - Patrick Sharp is hit by Greg Campbell.
1:43 of 1st period - Slapshot by Brad Richards.
1:43 of 1st period - Shot Blocked by Marek Zidlicky.
1:45 of 1st period - Slapshot by Cam Barker.
1:45 of 1st period - Stopped by Miika Kiprusoff with a rebound.
1:47 of 1st period - Wrist shot by Patrick Sharp.
1:47 of 1st period - Shot Misses the Net.
2:25 of 1st period - Kevin Bieksa is hit by Johan Franzen and loses puck.
2:42 of 1st period - Snap shot by Patrick Sharp.
2:42 of 1st period - Stopped by Miika Kiprusoff without a rebound.
2:43 of 1st period - Andrew Ebbett wins face-off versus Brad Richards in Blue Jackets zone.
3:31 of 1st period - Ian Laperriere is hit by David Booth and loses puck.
3:42 of 1st period - Slapshot by Vincent Lecavalier.
3:42 of 1st period - Shot Blocked by Kyle McLaren.
4:12 of 1st period - Snap shot by Jamal Mayers.
4:12 of 1st period - Stopped by Henrik Lundqvist without a rebound.
4:13 of 1st period - Jeremy Roenick wins face-off versus Greg Campbell in Rangers zone.
4:20 of 1st period - Slapshot by Milan Lucic.
4:20 of 1st period - Shot Blocked by Jason Ward.
5:02 of 1st period - Slapshot by Ian Laperriere.
5:02 of 1st period - Stopped by Miika Kiprusoff with a rebound.
5:04 of 1st period - Snap shot by Bobby Holik.
5:04 of 1st period - Goal by Bobby Holik - Rangers : 1 - Blue Jackets : 0.
5:05 of 1st period - Vincent Lecavalier wins face-off versus Jeremy Roenick in neutral zone.
5:29 of 1st period - Icing by Jamal Mayers.
5:30 of 1st period - Jan Bulis wins face-off versus Brad Richards in Blue Jackets zone.
5:57 of 1st period - Marek Zidlicky is hit by Milan Lucic and loses puck.
6:14 of 1st period - Bryan Berard is hit by Ladislav Nagy and loses puck.
6:35 of 1st period - Snap shot by Jamal Mayers.
6:35 of 1st period - Stopped by Henrik Lundqvist without a rebound.
6:36 of 1st period - Jan Bulis wins face-off versus Patrice Bergeron in Rangers zone.
7:11 of 1st period - Snap shot by Brad Richards.
7:11 of 1st period - Shot Hit the Post.
7:58 of 1st period - Off-side.
7:59 of 1st period - Patrice Bergeron wins face-off versus Jan Bulis in neutral zone.
8:02 of 1st period - Snap shot by Jeremy Roenick.
8:02 of 1st period - Deflect By Martin Sonnenberg.
8:02 of 1st period - Shot Blocked by Derek Morris.
8:02 of 1st period - Puck is out of play.
8:03 of 1st period - Patrice Bergeron wins face-off versus Jan Bulis in Blue Jackets zone.
8:18 of 1st period - Slapshot by Patrice Bergeron.
8:18 of 1st period - Deflect By Jan Bulis.
8:18 of 1st period - Shot Misses the Net.
8:18 of 1st period - Puck is out of play.
8:19 of 1st period - Brad Richards wins face-off versus Vincent Lecavalier in Blue Jackets zone.
8:52 of 1st period - Minor Penalty to Marek Zidlicky for Holding.
8:53 of 1st period - Jeremy Roenick wins face-off versus Vincent Lecavalier in Blue Jackets zone.
10:01 of 1st period - Wrist shot by Brad Richards.
10:01 of 1st period - Stopped by Miika Kiprusoff with a rebound.
10:03 of 1st period - Slapshot by Kimmo Timonen.
10:03 of 1st period - Goal by Kimmo Timonen - Rangers : 2 - Blue Jackets : 0.
10:04 of 1st period - Vincent Lecavalier wins face-off versus Jeremy Roenick in neutral zone.
10:10 of 1st period - Off-side.
10:11 of 1st period - Jeremy Roenick wins face-off versus Vincent Lecavalier in neutral zone.
10:24 of 1st period - Snap shot by Jeremy Roenick.
10:24 of 1st period - Stopped by Miika Kiprusoff with a rebound.
10:26 of 1st period - Wrist shot by Milan Lucic.
10:26 of 1st period - Deflect By Johan Franzen.
10:26 of 1st period - Stopped by Miika Kiprusoff with a rebound.
11:00 of 1st period - Jarkko Ruutu is hit by Marek Zidlicky and loses puck.
11:05 of 1st period - Snap shot by Andrew Ebbett.
11:05 of 1st period - Stopped by Henrik Lundqvist with a rebound.
11:07 of 1st period - Slapshot by Marek Zidlicky.
11:07 of 1st period - Stopped by Henrik Lundqvist without a rebound.
11:08 of 1st period - Jeremy Roenick wins face-off versus Vincent Lecavalier in Rangers zone.
11:13 of 1st period - Snap shot by Vincent Lecavalier.
11:13 of 1st period - Stopped by Henrik Lundqvist with a rebound.
12:22 of 1st period - Minor Penalty to Trevor Daley for Interference.
12:23 of 1st period - Jeremy Roenick wins face-off versus Vincent Lecavalier in Blue Jackets zone.
12:24 of 1st period - Backhand shot by Milan Lucic.
12:24 of 1st period - Stopped by Miika Kiprusoff with a rebound.
12:26 of 1st period - Wrist shot by Bryan Berard.
12:26 of 1st period - Shot Misses the Net.
12:48 of 1st period - Marek Zidlicky is hit by Bryan Berard and loses puck.
14:22 of 1st period - Penalty to Trevor Daley is over, Trevor Daley is back on ice.
14:49 of 1st period - Martin Sonnenberg is hit by Ales Kotalik and loses puck.
14:58 of 1st period - Ales Kotalik is hit by Jeremy Roenick and loses puck.
15:11 of 1st period - Patrice Bergeron is hit by Greg Campbell and loses puck.
15:26 of 1st period - Wrist shot by Jeremy Roenick.
15:26 of 1st period - Shot Blocked by Derek Morris.
15:28 of 1st period - Slapshot by Bobby Holik.
15:28 of 1st period - Stopped by Miika Kiprusoff with a rebound.
15:30 of 1st period - Backhand shot by Cam Barker.
15:30 of 1st period - Shot Misses the Net.
17:20 of 1st period - Ian Laperriere is hit by Andrew Ebbett and loses puck.
17:39 of 1st period - Patrice Bergeron is hit by Kevin Bieksa and loses puck.
18:20 of 1st period - Vincent Lecavalier is hit by Brent Seabrook and loses puck.
2nd period
0:01 of 2nd period - Jeremy Roenick wins face-off versus Vincent Lecavalier in neutral zone.
0:08 of 2nd period - Snap shot by Jeremy Roenick.
0:08 of 2nd period - Shot Blocked by Derek Morris.
0:10 of 2nd period - Slapshot by Kimmo Timonen.
0:10 of 2nd period - Deflect By Milan Lucic.
0:10 of 2nd period - Deflect By Marek Zidlicky.
0:10 of 2nd period - Shot Misses the Net.
0:10 of 2nd period - Puck is out of play.
0:11 of 2nd period - Jeremy Roenick wins face-off versus Vincent Lecavalier in Blue Jackets zone.
0:16 of 2nd period - Slapshot by Milan Lucic.
0:16 of 2nd period - Shot Misses the Net.
0:24 of 2nd period - Snap shot by Vincent Lecavalier.
0:24 of 2nd period - Shot Misses the Net.
0:26 of 2nd period - Snap shot by David Booth.
0:26 of 2nd period - Shot Misses the Net.
0:41 of 2nd period - Wrist shot by Ladislav Nagy.
0:41 of 2nd period - Shot Blocked by Kyle McLaren.
0:43 of 2nd period - Backhand shot by Marek Zidlicky.
0:43 of 2nd period - Deflect By Ales Kotalik.
0:43 of 2nd period - Shot Misses the Net.
0:43 of 2nd period - Puck is out of play.
0:44 of 2nd period - Brad Richards wins face-off versus Vincent Lecavalier in Rangers zone.
0:49 of 2nd period - Snap shot by Brad Richards.
0:49 of 2nd period - Stopped by Miika Kiprusoff with a rebound.
0:51 of 2nd period - Snap shot by Brad Richards.
0:51 of 2nd period - Stopped by Miika Kiprusoff with a rebound.
0:55 of 2nd period - Snap shot by Patrick Sharp.
0:55 of 2nd period - Stopped by Miika Kiprusoff without a rebound.
0:56 of 2nd period - Glen Murray wins face-off versus Jeremy Roenick in Blue Jackets zone.
0:56 of 2nd period - Glen Murray is hit by Milan Lucic.
0:57 of 2nd period - Minor Penalty to Johan Franzen for Cross-checking.
0:58 of 2nd period - Glen Murray wins face-off versus Jeremy Roenick in Rangers zone.
2:14 of 2nd period - Icing by Kevin Bieksa.
2:15 of 2nd period - Jan Bulis wins face-off versus Milan Lucic in Blue Jackets zone.
2:57 of 2nd period - Penalty to Johan Franzen is over, Johan Franzen is back on ice.
3:02 of 2nd period - Slapshot by Kimmo Timonen.
3:02 of 2nd period - Shot Blocked by Brad Stuart.
3:04 of 2nd period - Snap shot by Jarkko Ruutu.
3:04 of 2nd period - Stopped by Miika Kiprusoff with a rebound.
3:06 of 2nd period - Wrist shot by Bobby Holik.
3:06 of 2nd period - Deflect By Ian Laperriere.
3:06 of 2nd period - Shot Blocked by Ladislav Nagy.
3:06 of 2nd period - Puck is out of play.
3:07 of 2nd period - Bobby Holik wins face-off versus Andrew Ebbett in Blue Jackets zone.
3:25 of 2nd period - Minor Penalty to Bobby Holik for Tripping.
3:26 of 2nd period - Jeremy Roenick wins face-off versus Vincent Lecavalier in Rangers zone.
3:40 of 2nd period - Slapshot by Jeremy Roenick.
3:40 of 2nd period - Shot Blocked by David Booth.
4:00 of 2nd period - Snap shot by Kristian Huselius.
4:00 of 2nd period - Shot Misses the Net.
4:02 of 2nd period - Wrist shot by Jamal Mayers.
4:02 of 2nd period - Stopped by Henrik Lundqvist with a rebound.
5:25 of 2nd period - Penalty to Bobby Holik is over, Bobby Holik is back on ice.
6:03 of 2nd period - Wrist shot by Milan Lucic.
6:03 of 2nd period - Stopped by Miika Kiprusoff with a rebound.
6:05 of 2nd period - Wrist shot by Johan Franzen.
6:05 of 2nd period - Shot Blocked by Trevor Daley.
6:07 of 2nd period - Slapshot by Matt Greene.
6:07 of 2nd period - Stopped by Miika Kiprusoff with a rebound.
6:15 of 2nd period - Wrist shot by Milan Lucic.
6:15 of 2nd period - Shot Misses the Net.
7:13 of 2nd period - Shaone Morrisonn is hit by Dustin Brown.
7:29 of 2nd period - Jamal Mayers is hit by Ian Laperriere and loses puck.
7:40 of 2nd period - Martin Sonnenberg is hit by Vincent Lecavalier and loses puck.
8:45 of 2nd period - Trevor Daley is hit by Kimmo Timonen and loses puck.
9:31 of 2nd period - Major Penalty to Glen Murray for Boarding.
9:32 of 2nd period - Jason Ward wins face-off versus Jeremy Roenick in Blue Jackets zone.
9:32 of 2nd period - Jason Ward is hit by Kyle McLaren.
10:06 of 2nd period - Vincent Lecavalier is hit by Bryan Berard and loses puck.
11:02 of 2nd period - Slapshot by Kevin Bieksa.
11:02 of 2nd period - Stopped by Henrik Lundqvist with a rebound.
13:52 of 2nd period - Vincent Lecavalier is hit by Brad Richards and loses puck.
14:28 of 2nd period - Bryan Berard is hit by Andrew Ebbett.
14:31 of 2nd period - Penalty to Glen Murray is over, Glen Murray is back on ice.
14:42 of 2nd period - Bobby Holik is hit by Jamal Mayers and loses puck.
15:56 of 2nd period - Jamal Mayers is hit by Ian Laperriere and loses puck.
16:24 of 2nd period - Icing by Ales Kotalik.
16:25 of 2nd period - Brad Richards wins face-off versus Ladislav Nagy in Blue Jackets zone.
16:54 of 2nd period - Wrist shot by Patrice Bergeron.
16:54 of 2nd period - Shot Misses the Net.
17:18 of 2nd period - Slapshot by Trevor Daley.
17:18 of 2nd period - Deflect By Kristian Huselius.
17:18 of 2nd period - Shot Misses the Net.
17:18 of 2nd period - Puck is out of play.
17:19 of 2nd period - Vincent Lecavalier wins face-off versus Bobby Holik in Rangers zone.
17:26 of 2nd period - Snap shot by Glen Murray.
17:26 of 2nd period - Deflect By David Booth.
17:26 of 2nd period - Shot Misses the Net.
17:26 of 2nd period - Puck is out of play.
17:27 of 2nd period - Brad Richards wins face-off versus Vincent Lecavalier in Rangers zone.
17:38 of 2nd period - Derek Morris is hit by Patrick Sharp and loses puck.
17:57 of 2nd period - Wrist shot by Vincent Lecavalier.
17:57 of 2nd period - Shot Misses the Net.
17:59 of 2nd period - Slapshot by David Booth.
17:59 of 2nd period - Stopped by Henrik Lundqvist without a rebound.
18:00 of 2nd period - Jan Bulis wins face-off versus Brad Richards in Rangers zone.
18:08 of 2nd period - Off-side.
18:09 of 2nd period - Jan Bulis wins face-off versus Brad Richards in neutral zone.
18:12 of 2nd period - Wrist shot by Jamal Mayers.
18:12 of 2nd period - Stopped by Henrik Lundqvist without a rebound.
18:13 of 2nd period - Milan Lucic wins face-off versus Vincent Lecavalier in Rangers zone.
18:13 of 2nd period - Milan Lucic is hit by Vincent Lecavalier.
19:12 of 2nd period - Kyle McLaren is hit by Ales Kotalik.
19:38 of 2nd period - Slapshot by Jamal Mayers.
19:38 of 2nd period - Deflect By Kristian Huselius.
19:38 of 2nd period - Shot Blocked by Martin Sonnenberg.
19:38 of 2nd period - Puck is out of play.
19:39 of 2nd period - Jan Bulis wins face-off versus Brad Richards in Rangers zone.
19:40 of 2nd period - Wrist shot by Jamal Mayers.
19:40 of 2nd period - Shot Misses the Net.
19:50 of 2nd period - Wrist shot by Patrick Sharp.
19:50 of 2nd period - Stopped by Miika Kiprusoff without a rebound.
19:51 of 2nd period - Vincent Lecavalier wins face-off versus Jeremy Roenick in Blue Jackets zone.
19:53 of 2nd period - Minor Penalty to Johan Franzen for Boarding.
19:54 of 2nd period - Jeremy Roenick wins face-off versus Vincent Lecavalier in Rangers zone.
19:54 of 2nd period - Jeremy Roenick is hit by Glen Murray.
3rd period
0:01 of 3rd period - David Booth wins face-off versus Jeremy Roenick in neutral zone.
0:12 of 3rd period - Brad Richards is hit by Marek Zidlicky and loses puck.
0:30 of 3rd period - Off-side.
0:31 of 3rd period - Jarkko Ruutu wins face-off versus Jan Bulis in neutral zone.
0:36 of 3rd period - Snap shot by Milan Lucic.
0:36 of 3rd period - Stopped by Miika Kiprusoff with a rebound.
0:38 of 3rd period - Wrist shot by Milan Lucic.
0:38 of 3rd period - Stopped by Miika Kiprusoff without a rebound.
0:39 of 3rd period - Jeremy Roenick wins face-off versus Glen Murray in Blue Jackets zone.
1:16 of 3rd period - Snap shot by Jan Bulis.
1:16 of 3rd period - Stopped by Henrik Lundqvist without a rebound.
1:17 of 3rd period - Jan Bulis wins face-off versus Jeremy Roenick in Rangers zone.
1:47 of 3rd period - Off-side.
1:48 of 3rd period - Vincent Lecavalier wins face-off versus Milan Lucic in neutral zone.
1:53 of 3rd period - Penalty to Johan Franzen is over, Johan Franzen is back on ice.
2:10 of 3rd period - Snap shot by Jarkko Ruutu.
2:10 of 3rd period - Shot Misses the Net.
2:12 of 3rd period - Wrist shot by Jarkko Ruutu.
2:12 of 3rd period - Stopped by Miika Kiprusoff with a rebound.
2:14 of 3rd period - Slapshot by Bryan Berard.
2:14 of 3rd period - Shot Misses the Net.
2:22 of 3rd period - Snap shot by Jarkko Ruutu.
2:22 of 3rd period - Shot Misses the Net.
2:24 of 3rd period - Snap shot by Jarkko Ruutu.
2:24 of 3rd period - Stopped by Miika Kiprusoff with a rebound.
2:26 of 3rd period - Snap shot by Jarkko Ruutu.
2:26 of 3rd period - Stopped by Miika Kiprusoff without a rebound.
2:27 of 3rd period - Jan Bulis wins face-off versus Brad Richards in Blue Jackets zone.
2:32 of 3rd period - Slapshot by Derek Morris.
2:32 of 3rd period - Shot Misses the Net.
2:57 of 3rd period - Slapshot by Brent Seabrook.
2:57 of 3rd period - Shot Blocked by Marek Zidlicky.
2:59 of 3rd period - Slapshot by Matt Greene.
2:59 of 3rd period - Shot Misses the Net.
3:01 of 3rd period - Slapshot by Brent Seabrook.
3:01 of 3rd period - Shot Blocked by Marek Zidlicky.
3:17 of 3rd period - Vincent Lecavalier is hit by Matt Greene and loses puck.
4:05 of 3rd period - Snap shot by Andrew Ebbett.
4:05 of 3rd period - Stopped by Henrik Lundqvist without a rebound.
4:06 of 3rd period - Jan Bulis wins face-off versus Bobby Holik in Rangers zone.
4:07 of 3rd period - Slapshot by Jamal Mayers.
4:07 of 3rd period - Deflect By Kristian Huselius.
4:07 of 3rd period - Shot Blocked by Kyle McLaren.
4:07 of 3rd period - Puck is out of play.
4:08 of 3rd period - Kristian Huselius wins face-off versus Bobby Holik in Rangers zone.
4:42 of 3rd period - Vincent Lecavalier is hit by Milan Lucic and loses puck.
5:03 of 3rd period - Wrist shot by Dustin Brown.
5:03 of 3rd period - Shot Blocked by Derek Morris.
5:05 of 3rd period - Snap shot by Patrick Sharp.
5:05 of 3rd period - Stopped by Miika Kiprusoff with a rebound.
5:07 of 3rd period - Slapshot by Cam Barker.
5:07 of 3rd period - Stopped by Miika Kiprusoff without a rebound.
5:08 of 3rd period - Vincent Lecavalier wins face-off versus Bobby Holik in Blue Jackets zone.
5:08 of 3rd period - Vincent Lecavalier is hit by Bryan Berard.
5:09 of 3rd period - Minor Penalty to Jarkko Ruutu for Roughing.
5:10 of 3rd period - Jeremy Roenick wins face-off versus Vincent Lecavalier in Rangers zone.
5:39 of 3rd period - Kristian Huselius is hit by Bryan Berard and loses puck.
6:22 of 3rd period - Brad Stuart is hit by Johan Franzen and loses puck.
7:09 of 3rd period - Penalty to Jarkko Ruutu is over, Jarkko Ruutu is back on ice.
7:10 of 3rd period - Minor Penalty to Bobby Holik for Holding.
7:11 of 3rd period - Jan Bulis wins face-off versus Jeremy Roenick in Rangers zone.
7:14 of 3rd period - Snap shot by Kristian Huselius.
7:14 of 3rd period - Stopped by Henrik Lundqvist with a rebound.
8:06 of 3rd period - Derek Morris is hit by Milan Lucic and loses puck.
8:15 of 3rd period - Milan Lucic is hit by Kristian Huselius and loses puck.
8:44 of 3rd period - Bryan Berard is hit by Derek Morris and loses puck.
8:49 of 3rd period - Slapshot by Jason Ward.
8:49 of 3rd period - Goal by Jason Ward - Rangers : 2 - Blue Jackets : 1.
8:50 of 3rd period - Ales Kotalik wins face-off versus Bobby Holik in neutral zone.
8:53 of 3rd period - Wrist shot by Andrew Ebbett.
8:53 of 3rd period - Shot Misses the Net.
9:17 of 3rd period - Bryan Berard is hit by Glen Murray and loses puck.
9:36 of 3rd period - Snap shot by Jan Bulis.
9:36 of 3rd period - Stopped by Henrik Lundqvist without a rebound.
9:37 of 3rd period - Brad Richards wins face-off versus Kristian Huselius in Rangers zone.
9:37 of 3rd period - Brad Richards is hit by Kristian Huselius.
9:47 of 3rd period - Slapshot by Kristian Huselius.
9:47 of 3rd period - Shot Blocked by Brad Richards.
9:49 of 3rd period - Snap shot by Kristian Huselius.
9:49 of 3rd period - Shot Blocked by Cam Barker.
9:51 of 3rd period - Snap shot by Brad Stuart.
9:51 of 3rd period - Stopped by Henrik Lundqvist without a rebound.
9:52 of 3rd period - Johan Franzen wins face-off versus Vincent Lecavalier in Rangers zone.
10:01 of 3rd period - Snap shot by Jeremy Roenick.
10:01 of 3rd period - Stopped by Miika Kiprusoff with a rebound.
10:03 of 3rd period - Slapshot by Cam Barker.
10:03 of 3rd period - Shot Blocked by Vincent Lecavalier.
10:05 of 3rd period - Snap shot by Johan Franzen.
10:05 of 3rd period - Shot Misses the Net.
10:17 of 3rd period - Vincent Lecavalier is hit by Kyle McLaren and loses puck.
10:28 of 3rd period - Slapshot by Ian Laperriere.
10:28 of 3rd period - Shot Misses the Net.
10:30 of 3rd period - Slapshot by Bryan Berard.
10:30 of 3rd period - Shot Misses the Net.
10:40 of 3rd period - Wrist shot by Brad Richards.
10:40 of 3rd period - Shot Blocked by Marek Zidlicky.
11:21 of 3rd period - Wrist shot by Vincent Lecavalier.
11:21 of 3rd period - Shot Misses the Net.
12:00 of 3rd period - Icing by Jason Ward.
12:01 of 3rd period - Jeremy Roenick wins face-off versus Jan Bulis in Blue Jackets zone.
12:06 of 3rd period - Wrist shot by Milan Lucic.
12:06 of 3rd period - Shot Misses the Net.
12:08 of 3rd period - Slapshot by Cam Barker.
12:08 of 3rd period - Stopped by Miika Kiprusoff with a rebound.
12:10 of 3rd period - Slapshot by Kyle McLaren.
12:10 of 3rd period - Stopped by Miika Kiprusoff with a rebound.
12:12 of 3rd period - Snap shot by Jeremy Roenick.
12:12 of 3rd period - Shot Misses the Net.
12:14 of 3rd period - Backhand shot by Jeremy Roenick.
12:14 of 3rd period - Shot Misses the Net.
12:30 of 3rd period - Slapshot by Brad Stuart.
12:30 of 3rd period - Stopped by Henrik Lundqvist with a rebound.
12:32 of 3rd period - Slapshot by Brad Stuart.
12:32 of 3rd period - Stopped by Henrik Lundqvist with a rebound.
13:02 of 3rd period - Wrist shot by Milan Lucic.
13:02 of 3rd period - Stopped by Miika Kiprusoff with a rebound.
13:46 of 3rd period - Slapshot by Ladislav Nagy.
13:46 of 3rd period - Shot Misses the Net.
14:28 of 3rd period - Off-side.
14:29 of 3rd period - Brad Richards wins face-off versus Vincent Lecavalier in neutral zone.
14:38 of 3rd period - Wrist shot by Brad Richards.
14:38 of 3rd period - Shot Blocked by Kevin Bieksa.
14:40 of 3rd period - Wrist shot by Dustin Brown.
14:40 of 3rd period - Deflect By Brad Richards.
14:40 of 3rd period - Stopped by Miika Kiprusoff without a rebound.
14:41 of 3rd period - Jeremy Roenick wins face-off versus David Booth in Blue Jackets zone.
14:42 of 3rd period - Snap shot by Milan Lucic.
14:42 of 3rd period - Shot Blocked by Vincent Lecavalier.
14:48 of 3rd period - Snap shot by Jeremy Roenick.
14:48 of 3rd period - Shot Misses the Net.
15:49 of 3rd period - Off-side.
15:50 of 3rd period - Vincent Lecavalier wins face-off versus Jeremy Roenick in neutral zone.
15:52 of 3rd period - Off-side.
15:53 of 3rd period - Jeremy Roenick wins face-off versus Vincent Lecavalier in neutral zone.
16:04 of 3rd period - Snap shot by Milan Lucic.
16:04 of 3rd period - Stopped by Miika Kiprusoff without a rebound.
16:05 of 3rd period - Vincent Lecavalier wins face-off versus Bobby Holik in Blue Jackets zone.
17:04 of 3rd period - Wrist shot by Patrick Sharp.
17:04 of 3rd period - Stopped by Miika Kiprusoff without a rebound.
17:05 of 3rd period - Vincent Lecavalier wins face-off versus Bobby Holik in Blue Jackets zone.
18:38 of 3rd period - Minor Penalty to Kyle McLaren for Holding.
18:39 of 3rd period - Jan Bulis wins face-off versus Jeremy Roenick in Rangers zone.
18:40 of 3rd period - Snap shot by Kristian Huselius.
18:40 of 3rd period - Deflect By Jamal Mayers.
18:40 of 3rd period - Shot Misses the Net.
18:40 of 3rd period - Puck is out of play.
18:41 of 3rd period - Jeremy Roenick wins face-off versus Jan Bulis in Rangers zone.
19:13 of 3rd period - Blue Jackets, Miika Kiprusoff is pulled from the net.
19:31 of 3rd period - Johan Franzen is hit by Jan Bulis and loses puck.
Output by the SimonT Hockey Simulator (STHS) for François Prévost -- Original Page W3C XHTML 1.0 Valid